 Dungeon Crawl Stone Soup version 0.28.0-53-g5a82cb258f (console) character file.

Game seed: 9013901037683280100

103 erker the Sneak (level 4, -5/27 HPs)
             Began as an Octopode Earth Elementalist on July 8, 2022.
             Slain by an orc
             ... wielding a +0 flail
              (10 damage)
             ... on level 3 of the Dungeon.
             The game lasted 00:05:59 (2691 turns).

erker the Sneak (Octopode Earth Elementalist)       Turns: 2691, Time: 00:05:59

Health: -5/27      AC:  1    Str:  7    XL:     4   Next: 79%
Magic:  2/7        EV: 13    Int: 19    God:
Gold:   156        SH:  0    Dex: 12    Spells: 4/7 levels left

rFire   . . .      SeeInvis .   k - +0 dagger
rCold   . . .      Faith    .   (no shield)
rNeg    . . .      Spirit   .   (helmet restricted)
rPois   +          Reflect  .   (no amulet)
rElec   .          Harm     .   n - ring of poison resistance
rCorr   .          Rampage  .   (no ring)
Will    .....                   (no ring)
Stlth   +++.......              (no ring)
HPRegen 0.09/turn               (no ring)
MPRegen 0.10/turn               (no ring)
                                (no ring)
                                (no ring)

@: no status effects
A: almost no armour, amphibious, 8 rings, camouflage 1, gelatinous body 1,
(nimble swimmer 1), tentacles
a: no special abilities


You were on level 3 of the Dungeon.
You visited 1 branch of the dungeon, and saw 3 of its levels.

You collected 156 gold pieces.

Inventory:

Hand Weapons
 k - a +0 dagger (weapon)
Missiles
 b - 4 stones
Magical Staves
 a - a staff of poison
Jewellery
 n - a ring of poison resistance (left tentacle)
Scrolls
 c - a scroll of enchant armour {unknown}
 d - 2 scrolls of identify {unknown}
 g - 2 scrolls of blinking {unknown}
 i - 2 scrolls of noise {unknown}
 j - a scroll of torment {unknown}
 l - 2 scrolls of amnesia {unknown}
 m - a scroll of vulnerability {unknown}
Potions
 e - a potion of attraction {unknown}
 f - 2 potions of lignification {unknown}
 h - a potion of degeneration {unknown}


   Skills:
 - Level 2.0 Short Blades
 - Level 2.0 Dodging
 - Level 4.0 Stealth
 - Level 2.0 Spellcasting
 + Level 1.9 Transmutations
 - Level 4.0 Earth Magic


You had 4 spell levels left.
You knew the following spells:

 Your Spells              Type           Power      Damage    Failure   Level
a - Sandblast             Erth           34%        2d9       3%          1
w - Passwall              Tmut/Erth      10%        N/A       8%          2

Your spell library contained the following spells:

 Spells                   Type           Power      Damage    Failure   Level
 Stone Arrow              Conj/Erth      18%        3d8       22%         3
 Petrify                  Tmut/Erth      13%        N/A       45%         4
 Animate Dead             Necr           0%         N/A       86%         4
 Borgnjor's Vile Clutch   Necr/Erth      4%         N/A       90%         5
 Death Channel            Necr           0%         N/A       100%        6


Dungeon Overview and Level Annotations

Branches:
Dungeon (3/15)

Altars:
Fedhas
Sif Muna
Xom
Zin

Shops:
D:2 *   D:3 !

Annotations:
D:3 1 transporter, exclusion: water moccasin


Innate Abilities, Weirdness & Mutations

You cannot wear most types of armour.
You are amphibious.
You can wear up to eight rings at the same time.
Your skin changes colour to match your surroundings (Stealth+).
Your rubbery body absorbs attacks. (AC +1, EV +1)
((You are camouflaged when in or above water. (Stealth+)))
You have tentacles for arms and can constrict up to eight enemies at once.


Message History

Casting: Sandblast (safe; 3% risk of failure)
Confirm with . or Enter, or press ? or * to list all spells.
Aiming: Sandblast (safe; 3% risk of failure)
Press: ? - help, Shift-Dir - straight line, f/p - orc priest
Aim: an orc priest, wielding a +0 club (heavily wounded, 79% to hit)
Okay, then.
Unknown command.
Unknown command.
Unknown command.
Casting: Sandblast (safe; 3% risk of failure)
Confirm with . or Enter, or press ? or * to list all spells.
Aiming: Sandblast (safe; 3% risk of failure)
Press: ? - help, Shift-Dir - straight line, f - orc
Aim: an orc, wielding a +0 club and wearing a +0 scale mail (82% to hit)
The blast of sand hits the orc but does no damage.
The orc hits you with a +0 club.
* * * LOW HITPOINT WARNING * * *
Casting: Sandblast (safe; 3% risk of failure)
Confirm with . or Enter, or press ? or * to list all spells.
Aiming: Sandblast (safe; 3% risk of failure)
Press: ? - help, Shift-Dir - straight line, f/p - orc
Aim: an orc, wielding a +0 club and wearing a +0 scale mail (82% to hit)
The blast of sand hits the orc!
You kill the orc!
Casting: Sandblast (safe; 3% risk of failure)
Confirm with . or Enter, or press ? or * to list all spells.
Aiming: Sandblast (safe; 3% risk of failure)
Press: ? - help, Shift-Dir - straight line, f - orc
Aim: an orc, wielding a +0 flail and wearing a +0 scale mail (lightly wounded, 82% to hit)
The blast of sand hits the orc but does no damage.
The orc is lightly wounded.
Casting: Sandblast (safe; 3% risk of failure)
Confirm with . or Enter, or press ? or * to list all spells.
Aiming: Sandblast (safe; 3% risk of failure)
Press: ? - help, Shift-Dir - straight line, f/p - orc
Aim: an orc, wielding a +0 flail and wearing a +0 scale mail (lightly wounded, 82% to hit)
The blast of sand hits the orc.
The orc is almost dead.
The orc hits you with a +0 flail!
You die...

####### ##..#####..## .o....#
#...8#8...# .####.# #.#######.#
.# #.###### #.# #.##### o#
#......# #.# #.....#
.####....o.####.#######.....#####
............o...............'....
.####......#####o#####......#####
.####.....†# #@.# #......#
.#....###### ##.# #......#
..[...# #.# #.###### ##.#..# #.#
#.# #....# #..###'##########
...... #.#.....##.).... ....©.©
#........#...... #######
##.......#...... ....$)..
########.##....#......


You could see an orc.

Vanquished Creatures
  A killer bee zombie (D:3)
  3 adders (D:2)
  2 worms (D:2)
  2 dart slugs
  2 orcs (D:3)
  2 ball pythons (D:1)
  4 endoplasms (D:1)
  A giant cockroach (D:2)
  6 hobgoblins
  5 quokkas
  2 bats (D:2)
  3 frilled lizards (D:2)
  8 goblins
  A kobold (D:2)
  2 rats
44 creatures vanquished.

Notes
Turn   | Place    | Note
-------+----------+-------------------------------------------
     0 | D:1      | erker the Octopode Earth Elementalist began the quest for
                  | the Orb.
     0 | D:1      | Reached XP level 1. HP: 11/11 MP: 3/3
   185 | D:1      | Found a faded altar of an unknown god.
   243 | D:1      | Reached XP level 2. HP: 12/17 MP: 3/5
   246 | D:1      | Learned a level 2 spell: Passwall
  1376 | D:2      | Reached XP level 3. HP: 16/21 MP: 4/6
  1915 | D:2      | Reached skill level 1 in Short Blades
  1997 | D:2      | Reached XP level 4. HP: 27/27 MP: 4/7
  2032 | D:2      | Found Waekidgh's Assorted Antiques.
  2580 | D:3      | Found a shimmering altar of Xom.
  2580 | D:3      | Found a blossoming altar of Fedhas.
  2581 | D:3      | Found a glowing silver altar of Zin.
  2597 | D:3      | Noticed a water moccasin
  2626 | D:3      | Found a shimmering blue altar of Sif Muna.
  2642 | D:3      | Found a transporter.
  2656 | D:3      | Found Hesesah's Distillery.
  2691 | D:3      | Slain by an orc

Illustrated notes

Levels and vault maps discovered:
D:1:      dpeg_arrival_tiny_a, layout_rooms,
          hellmonk_ecumenical_altar_leap_of_faith, serial_co_window_serial,
          co_window_paths_b, co_window_of_opportunity_a, co_window_paths_a,
          co_window_corner_a, co_window_paths_a, co_window_corner_a,
          co_window_corner_b, co_window_corner_cb, co_window_cross_4,
          co_window_of_opportunity_b, co_window_2corner, co_window_cross_2,
          glass_columns_a, glass_columns_b, minmay_tetromino_i4
D:2:      layout_loops_cross, serial_shops, shop_coins
D:3:      layout_basic, grunt_dithmenos_smoke,
          nicolae_overflow_quartered_altars, gammafunk_ghost_smash,
          serial_shops, nicolae_shop_stone

Skill      XL: |  1  2  3  4 |
---------------+-------------+-----
Stealth        | 3 4 |  4.0
Earth Magic    | 4 |  4.0
Short Blades   | 1 2 |  2.0
Dodging        | |  2.0
Spellcasting   | |  2.0
Transmutations | |  1.9

Action                   |  1- 3 |  4- 6 || total
-------------------------+-------+-------++-------
Melee: Unarmed           |     4 |       ||     4
       Constrict         |    16 |     4 ||    20
       Staff             |    13 |       ||    13
       Dagger            |    24 |    22 ||    46
       Tentacles         |    12 |     4 ||    16
 Cast: Sandblast         |    14 |    12 ||    26
       Passwall          |       |     1 ||     1
 Stab: Sleeping          |     6 |     7 ||    13
Armor: Skin              |     5 |     1 ||     6
Dodge: Dodged            |    25 |    10 ||    35
